Map: King Sejong Station LE

Players

sdfsdfsdfsdf - Winner!

  • Race: Zerg Zerg
  • League: Silver

BOLIS

  • Race: Protoss Protoss
  • League: Silver

VOD

Have the link to the VOD?

Description

Time

  • Played on: July 5, 2016, 9:08 a.m.
  • Length: 11:11
Show
View Real Time Build Order
Export as new Build Order

sdfsdfsdfsdf Zerg - Winner!

Build Orders: Hatch First, Lurkers 

Get SALT Encoding   

  12  0:02  Drone  
  13  0:11  Drone  
  14  0:17  Overlord  
  14  0:36  Drone x3  
  17  0:55  Hatchery  
  16  0:57  Drone  
  18  1:17  Spawning Pool  
  18  1:18  Drone x2, Extractor  
  19  1:19  Overlord  
  18  1:30  Drone  
  19  1:52  Drone  
  20  2:04  Zergling x2  
  20  2:05  Zergling x2  
  22  2:08  Queen  
  24  2:34  Roach Warren  
  24  2:36  Hatchery  
  22  2:40  Metabolic Boost  
  22  2:45  Zergling x6  
  25  2:54  Queen  
  27  3:01  Drone  
  28  3:10  Drone  
  29  3:21  Overlord  
  28  3:37  Pneumatized Carapace  
  28  3:48  Hatchery  
  27  3:56  Drone x3  
  27  3:57  Drone x3  
  27  4:01  Drone x2  
  35  4:06  Drone  
  36  4:10  Drone  
  37  4:20  Evolution Chamber  
  37  4:23  Zergling x2  
  37  4:24  Zergling x4  
  39  4:41  Drone x5  
  39  4:44  Extractor  
  43  4:54  Zergling x2  
  43  4:57  Overlord x2  
  43  4:59  Lair  
  44  5:06  Zerg Missile Weapons Level 1  
  44  5:07  Evolution Chamber  
  43  5:23  Drone x8  
  43  5:24  Drone  
  52  5:29  Drone x2  
  52  5:30  Drone  
  51  5:53  Drone x3, Queen  
  51  5:54  Drone  
  54  6:00  Zerg Ground Armor Level 1  
  54  6:04  Hydralisk Den  
  51  6:06  Roach x5  
  61  6:15  Extractor  
  60  6:19  Spore Crawler x2  
  60  6:22  Spore Crawler  
  60  6:24  Queen  
  59  6:26  Drone x2  
  59  6:27  Drone x3  
  64  6:39  Zergling x4  
  66  6:41  Overlord x3  
  66  6:45  Lurker Den  
  66  6:58  Overlord x2  
  66  6:59  Overlord  
  66  7:03  Hydralisk x2, Extractor  
  66  7:04  Hydralisk x2  
  66  7:06  Extractor  
  72  7:18  Hydralisk  
  74  7:29  Zergling x10  
  83  7:30  Zergling x16  
  87  7:40  Hydralisk  
  87  7:41  Hydralisk x3  
  95  7:51  Hydralisk x2  
  95  7:56  Overseer  
  93  8:06  Hydralisk x3  
  93  8:27  Hydralisk  
  93  8:28  Hydralisk x3  
  97  8:44  Muscular Augments  
  97  8:45  Hydralisk  
  99  8:52  Hydralisk x2  
  103  9:05  Extractor  
  103  9:08  Drone x2  
  103  9:09  Drone x5  
  109  9:12  Queen  
  109  9:29  Lurker x2  
  109  9:30  Lurker x2  
  113  9:31  Overlord  
  113  9:32  Overlord x2  
  113  9:36  Overseer  
  113  9:39  Overlord x3  
  113  9:52  Hydralisk  
  113  9:53  Hydralisk x6  
  118  10:12  Hydralisk  
  118  10:13  Hydralisk x5  
  130  10:19  Lurker  
Show
View Real Time Build Order
Export as new Build Order

BOLIS Protoss 

Build Orders:  

Get SALT Encoding   

  12  0:02  Probe (Chrono Boost)  
  13  0:12  Probe (Chrono Boost)  
  14  0:22  Pylon  
  14  0:31  Probe (Chrono Boost)  
  15  0:41  Probe (Chrono Boost)  
  16  0:46  Gateway  
  16  0:52  Probe (Chrono Boost)  
  17  1:02  Probe (Chrono Boost)  
  18  1:07  Pylon  
  19  1:18  Probe (Chrono Boost)  
  19  1:20  Pylon  
  19  1:24  Assimilator  
  19  1:29  Probe (Chrono Boost)  
  20  1:36  Cybernetics Core  
  20  1:40  Forge  
  20  1:51  Assimilator  
  20  2:09  Nexus  
  20  2:28  Warp Gate (Chrono Boost)  
  22  2:37  Mothership Core (Chrono Boost)  
  22  2:44  Pylon  
  22  2:53  Photon Cannon  
  22  2:57  Adept  
  24  3:01  Probe, Assimilator  
  25  3:30  Photon Cannon  
  25  3:39  Probe  
  28  3:49  Probe  
  28  3:50  Pylon  
  28  3:52  Probe  
  30  4:01  Probe  
  31  4:08  Pylon  
  31  4:13  Probe  
  30  4:25  Probe  
  31  4:32  Stargate  
  31  4:34  Stargate  
  31  4:37  Probe  
  33  4:38  Probe  
  33  4:50  Probe x2  
  35  4:54  Assimilator  
  35  5:02  Probe x2, Gateway  
  37  5:13  Gateway  
  37  5:14  Probe  
  37  5:20  Phoenix (Chrono Boost)  
  40  5:24  Sentry  
  40  5:26  Probe  
  43  5:30  Phoenix (Chrono Boost)  
  42  6:19  Phoenix (Chrono Boost)  
  42  6:22  Phoenix (Chrono Boost)  
  46  6:31  Probe  
  46  6:32  Probe  
  48  6:36  Stalker x2  
  52  6:42  Protoss Ground Weapons Level 1  
  52  6:43  Probe  
  52  6:44  Probe  
  52  6:46  Phoenix (Chrono Boost)  
  58  6:47  Phoenix (Chrono Boost)  
  58  6:49  Pylon  
  58  6:56  Probe x2  
  60  7:01  Pylon  
  60  7:04  Gateway  
  60  7:08  Probe  
  61  7:10  Stalker  
  61  7:13  Phoenix x2 (Chrono Boost)  
  67  7:24  Robotics Facility  
  67  7:26  Probe  
  67  7:27  Twilight Council  
  68  7:40  Photon Cannon  
  68  8:15  Sentry x2  
  68  8:16  Stalker  
  74  8:25  Probe x2  
  74  8:37  Probe x2  
  76  8:54  Templar Archives  
  76  8:58  Gateway  
  76  8:59  Gateway  
  76  9:02  Adept  
  78  9:06  Gateway  
  78  9:07  Gateway  
  74  9:28  Adept x2  
  74  9:29  Psionic Storm  
  78  9:45  Pylon  
  78  9:48  Pylon  
  66  10:28  Adept x6  
Tags
 
Add a new tag
Caveats
  • Supply blocks, unpowered buildings, or Contaminate may cause inaccurate times.
  • Supply counts are checked every 10 seconds.